[Event "Tradewise Hastings Masters 15-16"]
[Site "Hastings, England"]
[Date "2015.12.28"]
[Round "1.24"]
[White "Rayner, Francis"]
[Black "Spanton, Tim R"]
[Result "1-0"]
[WhiteElo "2106"]
[BlackElo "1936"]
[PlyCount "73"]
[EventDate "2015.??.??"]
[TimeControl "6600+810"]
[WhiteClock "0:04:23"]
[BlackClock "0:03:03"]

1. e4 e6 2. d4 d5 3. Nc3 Bb4 4. e5 c5 5. Bd2 Ne7 6. dxc5 Nbc6 7. Qg4 Ng6 8. Nf3
Bxc5 9. Bd3 Nb4 10. O-O Nxd3 11. cxd3 Bd7 12. d4 Be7 13. Bg5 f6 14. exf6 gxf6
15. Bh6 Kf7 16. Rfe1 Bf8 17. Bxf8 h5 18. Qg3 Rxf8 19. Re3 Rc8 20. Rae1 Rg8 21.
Nh4 Ne5 22. Qf4 Ng6 23. Nxg6 Rxg6 24. Rg3 Qc7 25. Qh4 Rh6 26. h3 Qd6 27. Ree3
Rc4 28. b3 Rc8 29. Ref3 Rch8 30. Rf4 Qe7 31. Re3 f5 32. Qxe7+ Kxe7 33. Rxf5 Rg6
34. Nxd5+ Kd6 35. Rf6 Rhg8 36. Rxg6 Rxg6 37. Nf4 1-0